 Dungeon Crawl Stone Soup version 0.30.1-1-g62c8e00024 (webtiles) character file.

Game seed: 7573688398420301741

74580 GeoRichter the Severer (level 15, 0/133 HPs)
             Began as an Armataur Gladiator on July 14, 2023.
             Was a High Priest of Jiyva.
             Slain by a sixfirhy (11 damage)
             ... summoned by an orc sorcerer
             ... while paralysed by an ogre mage
             ... on level 13 of the Dungeon.
             The game lasted 00:32:53 (15374 turns).

GeoRichter the Severer (Armataur Gladiator)        Turns: 15374, Time: 00:32:53

Health: 0/133      AC: 17    Str: 25    XL:     15   Next: 7%
Magic:  24/24      EV:  1    Int:  9    God:    Jiyva [*****.]
Gold:   728        SH:  0    Dex: 21    Spells: 14/14 levels left

rFire   + . .        a - +2 broad axe (vamp) {!w}
rCold   + . .        e - +0 kite shield
rNeg    . . .        F - +0 acid dragon scales
rPois   .            c - +1 helmet
rElec   .            i - scarf {rC+ rF+}
rCorr   +            (gloves unavailable)
SInv    .            r - +0 barding
Will    +....        (no amulet)
Stlth   ++           y - +6 ring of dexterity
HPRegen 1.86/turn    z - ring of magical power
MPRegen 0.64/turn

%: roll
@: paralysed, studying Evocations
A: large, rugged brown scales 3, deformed body, armoured tail, roll, long
tongue, awkward tongue, claws 3, agile 1, wild magic 2, pseudopods 2,
translucent skin 2
a: Renounce Religion, Oozemancy, Slimify


You were on level 13 of the Dungeon.
You worshipped Jiyva.
Jiyva was extremely pleased with you.
You visited 3 branches of the dungeon, and saw 21 of its levels.
You also visited: Ossuary.

You collected 1528 gold pieces.
You spent 800 gold pieces at shops.

Inventory:

Hand Weapons
 a - a +2 vampiric broad axe (weapon) {!w}
   (You took it off a meliai on level 3 of the Lair of Beasts)
 b - a +2 war axe of flaming
   (You found it on level 1 of the Dungeon)
 I - a +5 battleaxe of electrocution
   (You took it off a death knight on level 13 of the Dungeon)
Missiles
 d - 5 throwing nets {!f}
Armour
 c - a +1 helmet (worn)
 e - a +0 kite shield (worn)
   (You took it off a gnoll sergeant on level 8 of the Dungeon)
 i - a scarf of resistance (worn)
   (You found it on level 6 of the Dungeon)
 r - a +0 barding (worn)
   (You took it off Nessos on level 2 of the Orcish Mines)
 F - +0 acid dragon scales (worn)
   (You found it on level 10 of the Dungeon)
 H - a +2 cloak of preservation
   (You found it on level 12 of the Dungeon)
Jewellery
 f - a ring of see invisible
   (You found it on level 4 of the Lair of Beasts)
 k - a +6 ring of intelligence
   (You found it on level 1 of the Dungeon)
 y - a +6 ring of dexterity (left claw)
   (You found it on level 6 of the Dungeon)
 z - a ring of magical power (right claw)
   (You found it on level 10 of the Dungeon)
 J - a ring of see invisible
   (You found it on level 12 of the Dungeon)
Wands
 C - a wand of paralysis (10)
   (You found it on level 8 of the Dungeon)
 D - a wand of roots (13)
   (You found it on level 2 of the Lair of Beasts)
 G - a wand of mindburst (2) (quivered)
   (You found it on level 10 of the Dungeon)
Scrolls
 g - 5 scrolls of teleportation {@r4}
 n - 3 scrolls of magic mapping
 p - a scroll of fear
 q - a scroll of vulnerability {!r}
Potions
 h - 4 potions of curing {@q1}
 j - 3 potions of resistance
 l - 2 potions of brilliance {unknown}
 m - 6 potions of lignification {!q}
 o - a potion of invisibility {unknown}
 s - 3 potions of magic
 u - a potion of mutation {unknown}
 v - a potion of ambrosia {unknown}
 w - 2 potions of might
 x - 2 potions of attraction {!q}
 A - a potion of cancellation {unknown}
Miscellaneous
 B - a phial of floods
   (You found it on level 5 of the Lair of Beasts)
 E - a phantom mirror (inert)
   (You found it on level 9 of the Dungeon)


   Skills:
 + Level 9.5 Fighting
 * Level 17.2 Axes
 - Level 1.7 Throwing
 + Level 12.0 Armour
 - Level 2.5 Dodging
 - Level 10.8 Shields
 - Level 5.1 Evocations


You had 14 spell levels left.
You didn't know any spells.
Your spell library contained the following spells:

 Spells                   Type           Power      Damage    Failure   Level
 Magic Dart               Conj           0%         1d3       78%         1
 Call Imp                 Summ           0%         N/A       88%         2
 Poisonous Vapours        Pois/Air       0%         N/A       88%         2
 Mephitic Cloud           Conj/Pois/Air  0%         N/A       98%         3
 Portal Projectile        Hex/Tloc       0%         N/A       98%         3
 Tukima's Dance           Hex            0%         N/A       98%         3
 Volatile Blastmotes      Fire/Tloc      0%         2d10      98%         3
 Fulminant Prism          Conj/Hex       0%         3d5       100%        4
 Iskenderun's Mystic Bla  Conj/Tloc      0%         2d3       100%        4
 Passage of Golubria      Tloc           0%         N/A       100%        4
 Petrify                  Tmut/Erth      0%         N/A       100%        4
 Blade Hands              Tmut           0%         N/A       100%        5
 Freezing Cloud           Conj/Ice/Air   0%         6-21      100%        5
 Lee's Rapid Deconstruct  Erth           0%         3d4*      100%        5
 Metabolic Englaciation   Hex/Ice        0%         N/A       100%        5
 Silence                  Hex/Air        0%         N/A       100%        5
 Summon Forest            Summ/Tloc      0%         N/A       100%        5
 Conjure Ball Lightning   Conj/Air       0%         3x3d6     100%        6
 Eringya's Noxious Bog    Tmut/Pois      0%         N/A       100%        6
 Statue Form              Tmut/Erth      0%         N/A       100%        6
 Summon Hydra             Summ           0%         N/A       100%        7
 Discord                  Hex            0%         N/A       100%        8
 Disjunction              Tloc           0%         N/A       100%        8
 Lehudib's Crystal Spear  Conj/Erth      0%         10d2      100%        8
 Chain Lightning          Conj/Air       0%         N/A       100%        9
 Fire Storm               Conj/Fire      0%         5d1       100%        9
 Shatter                  Erth           0%         3d5*      100%        9


Dungeon Overview and Level Annotations

Branches:
Dungeon (14/15) Zot: 24910  Temple (0/1) D:4            Lair (5/5) D:10 Zot: 25396
 Shoals (0/4) Lair:3       Spider (0/4) Lair:3        Slime (0/5) Lair:5
    Orc (2/2) D:11 Zot: 10819     Elf (0/3) Orc:2       Ossuary (visited)
 Vaults: D:13-14

Altars:
Elyvilon
Fedhas
Gozag
Kikubaaqudgha
Nemelex Xobeh
Trog
Vehumet
Jiyva

Shops:
D:3 :   D:4 :   D:9 **   D:14 !:(   Orc:2 ([*:!

Annotations:
D:7 2 runed translucent doors
D:11 exclusion: oklob plant
D:12 3 runed translucent doors, raetorn's ghost, journeyman AtFi
Lair:3 1 runed translucent door, Quickbrownfox's ghost, journeyman DsCj


Innate Abilities, Weirdness & Mutations

You are completely covered in rugged brown scales. (AC +3, +7% HP)
Armour fits poorly on your strangely shaped body.
You have a long armoured tail.
You roll when moving toward enemies. (Rampage)
Your long tongue fully drains potion bottles. (2x potion effects)
Your tongue gives you trouble enunciating. (1.5x scroll delay)
You have claws for hands.
You are agile. (Dex +4, Str/Int -1)
Your spells are harder to cast, but more powerful.
Armour fits poorly on your large pseudopods.
Your translucent skin reduces your foes' accuracy. (Stealth+)


Message History

The bolt of magma hits you!! You partially resist.
* * * LOW HITPOINT WARNING * * *
You hear a shout!
You slash the ogre mage!
You feel better.
You bludgeon the ogre mage, but do no damage.
The ogre mage is lightly wounded.
The yaktaur shoots a bolt.
The bolt hits you!!
* * * LOW HITPOINT WARNING * * *
The bolt burns you.
* * * LOW HITPOINT WARNING * * *
The ogre mage attacks as you move away! The ogre mage closely misses you.
The yaktaur shoots a bolt.
You block the bolt. The ogre mage attacks as you move away!
You block the ogre mage's attack.
The jelly barely misses the yaktaur.
The yaktaur shoots a bolt.
The bolt hits you!
* * * LOW HITPOINT WARNING * * *
The bolt burns you.
* * * LOW HITPOINT WARNING * * *
As you slowly read the scroll of fear, it crumbles to dust.
You assume a fearsome visage.
The yaktaur looks frightened!
The vault guard looks frightened! x3
The ogre mage resists with almost no effort.
The orc sorcerer easily resists.
The ogre mage points at you and mumbles some strange words.
The bolt of magma hits you! You partially resist.
* * * LOW HITPOINT WARNING * * *
The jelly hits the yaktaur.
The yaktaur is splashed with acid.
The acid corrodes the yaktaur!
The ogre mage attacks as you move away! The ogre mage hits you with a +0 club.
* * * LOW HITPOINT WARNING * * *
The orc sorcerer mumbles some strange words.
You roll towards the ogre mage!
You barely miss the ogre mage. You tail-slap the ogre mage.
You bludgeon the ogre mage.
The ogre mage is moderately wounded.
The ogre mage hits you but does no damage.
You slash the ogre mage!
You feel better.
You tail-slap the ogre mage! Your bludgeon misses the ogre mage.
The ogre mage is severely wounded.
The ogre mage casts a spell at you.
You suddenly lose the ability to move!
The sixfirhy hits you.
* * * LOW HITPOINT WARNING * * *
The sixfirhy shocks you!
* * * LOW HITPOINT WARNING * * *
The sixfirhy hits you but does no damage.
The ogre mage hits you but does no damage.
The sixfirhy hits you.
* * * LOW HITPOINT WARNING * * *
The sixfirhy shocks you!
You die...

.# ##......#....#..##..........
.# ###....#####.#.#..##..........
.# #.....####.......###..........
.###....#..................^.....
..........####..................#
..........##.............#.######
..........#................#
...>.........#.3..##.##.####
...............O@....##..#
...............########..#
.............o..##########
.........J............#
.........~~~~.....~~~~.
...####.~≈≈≈~~...~≈≈≈≈~ ...#
#.~J≈≈≈≈~o..p≈≈≈≈≈ ####
#.≈≈≈≈≈≈~...~≈≈≈≈≈
####..###''3###..


You could see an ogre mage, a sixfirhy (summoned), an orc sorcerer and a neutral
jelly (wandering) (fellow slime).

Vanquished Creatures
  An orc warlord (Orc:2)
  Nessos (Orc:2)
  A dire elephant (Lair:5)
  Snorg (D:12)
  Josephine (D:12)
  Erolcha (Orc:2)
  2 hydras
  A merfolk avatar (Lair:5)
  3 two-headed ogres
  2 catoblepae (Lair:5)
  A death knight (D:13)
  A centaur warrior (D:14)
  4 boulder beetles
  Urug (Orc:2)
  4 orc high priests (Orc:2)
  16 death yaks
  A skyshark (Lair:5)
  8 skeletal warriors
  2 sea snakes (Lair:5)
  A phantasmal warrior (D:13)
  3 orc knights (Orc:2)
  2 ugly things (D:13)
  4 manticores
  7 elephants
  5 orc sorcerers (Orc:2)
  3 cyclopes
  6 black mambas
  8 cane toads
  2 gargoyles
  7 rime drakes
  An unseen horror (D:11)
  A freezing wraith (D:14)
  9 komodo dragons
  2 polar bears (Lair:5)
  2 burning bushes (Lair:2)
  A meliai (Lair:3)
  8 trolls
  2 snapping turtles (Lair:5)
  A wind drake (Lair:5)
  4 hornets
  13 blink frogs
  8 wraiths
  2 water elementals (D:11)
  Sigmund (D:6)
  2 shadows (D:11)
  2 vampires
  3 wyverns
  Eustachio (D:5)
  15 yaks
  6 basilisks
  3 steam dragons
  6 vampire mosquitoes
  2 wargs (Orc:1)
  Edmund (D:6)
  3 acid dragons
  12 water moccasins
  A black bear (D:7)
  5 ogres
  24 orc warriors
  2 ice beasts (D:6)
  A wolf (Lair:2)
  7 centaurs
  4 phantoms
  3 kobold brigands
  14 bullfrogs
  2 gnoll sergeants (D:8)
  3 scorpions
  5 wights (D:8)
  43 killer bees
  2 troll zombies (D:11)
  3 howler monkeys
  2 vampire bats (Lair:4)
  A hound (D:7)
  18 orc priests
  4 sleepcaps
  2 gnoll boudas
  An iguana (D:5)
  25 orc wizards
  4 ogre zombies (D:11)
  8 mummies (Ossuary)
  14 gnolls
  5 adders
  2 shadow imps (D:6)
  2 white imps
  An ufetubus (D:7)
  2 worms
  A dart slug (D:1)
  67 orcs
  4 ball pythons
  5 endoplasms (D:1)
  3 giant cockroaches
  A gnoll zombie (Ossuary)
  2 goblins
  6 hobgoblins
  4 jackals
  11 kobolds
  2 quokkas
  10 bats
  4 frilled lizards
  3 goblin zombies (D:11)
  A hobgoblin skeleton (D:11)
  4 hobgoblin zombies
  A jackal zombie (D:6)
  2 kobold zombies (Ossuary)
  An orc skeleton (D:11)
  15 orc zombies
  4 rats
572 creatures vanquished.

Vanquished Creatures (collateral kills)
  A catoblepas (Lair:3)
  A cyclops (D:7)
  A steam dragon (D:6)
  A water moccasin (D:7)
  An orc warrior (D:7)
  An orc priest (D:7)
  2 orc wizards (D:7)
  A white imp (D:7)
  4 orcs
13 creatures vanquished.

Vanquished Creatures (others)
  A cyclops (D:13)
  Maurice (Orc:2)
  A burning bush (Lair:2)
  A slime creature (D:13)
  A shadow (D:7)
  A yak (D:11)
  Menkaure (D:5)
  An orc warrior (Orc:2)
  A killer bee (Lair:4)
  41 jellies
  An orc priest (D:5)
  An iguana (D:5)
  2 orc wizards
  A gnoll (D:5)
  An ufetubus (D:5)
  An endoplasm (D:4)
  10 orcs
  A giant cockroach (D:2)
  2 goblins
  4 hobgoblins (D:3)
  A jackal (D:4)
  4 ball pythons
  3 bats
  A kobold (D:3)
83 creatures vanquished.

Grand Total: 668 creatures vanquished

Notes
Turn   | Place    | Note
-------+----------+-------------------------------------------
     0 | D:1      | GeoRichter the Armataur Gladiator began the quest for the
                  | Orb.
     0 | D:1      | Reached XP level 1. HP: 18/18 MP: 1/1
   150 | D:1      | Reached skill level 3 in Axes
   150 | D:1      | Reached XP level 2. HP: 25/25 MP: 2/2
   157 | D:1      | Found a faded altar of an unknown god.
   171 | D:1      | Prayed at the altar of an unknown god.
   171 | D:1      | Became a worshipper of Jiyva Jiseh the Shapeless
   171 | D:1      | Reached * piety under Jiyva
   572 | D:2      | Reached XP level 3. HP: 31/31 MP: 3/3
   620 | D:2      | Reached ** piety under Jiyva
   920 | D:2      | Reached skill level 4 in Axes
   920 | D:2      | Reached XP level 4. HP: 9/38 MP: 4/4
   920 | D:2      | HP: 1/38 [something/puff of flame (9)]
   973 | D:3      | Found Ewkotal's Vocational Training.
   976 | D:3      | Reached XP level 5. HP: 43/43 MP: 5/5
  1180 | D:3      | Reached *** piety under Jiyva
  1476 | D:3      | Gained mutation: You are covered in slimy tendrils that may
                  | disarm your opponents. [Jiyva's grace]
  1476 | D:3      | Gained mutation: You are partially covered in iridescent
                  | scales. (AC +2) [Jiyva's grace]
  1476 | D:3      | Gained mutation: You are mostly covered in iridescent
                  | scales. (AC +4) [Jiyva's grace]
  1476 | D:3      | Gained mutation: You are completely covered in iridescent
                  | scales. (AC +6) [Jiyva's grace]
  1557 | D:3      | Found a sparkling altar of Nemelex Xobeh.
  1558 | D:3      | Found an opulent altar of Gozag.
  1722 | D:4      | Found Kydghocw's Book Shoppe.
  1756 | D:4      | Reached **** piety under Jiyva
  1767 | D:4      | Reached skill level 5 in Axes
  1971 | D:4      | Reached XP level 6. HP: 51/51 MP: 6/6
  1977 | D:4      | Found a staircase to the Ecumenical Temple.
  2192 | D:4      | Reached skill level 6 in Axes
  2391 | D:5      | Entered Level 5 of the Dungeon
  2398 | D:5      | Noticed Eustachio
  2407 | D:5      | Killed Eustachio
  2408 | D:5      | Reached XP level 7. HP: 56/56 MP: 4/7
  2411 | D:5      | Reached skill level 7 in Axes
  2531 | D:5      | Killed Menkaure
  3189 | D:5      | Reached ***** piety under Jiyva
  3307 | D:6      | Found a sand-covered staircase.
  3318 | Ossuary  | Entered an ossuary
  3331 | Ossuary  | Reached skill level 8 in Axes
  3353 | Ossuary  | Lost mutation: You are completely covered in iridescent
                  | scales. (AC +6) [Jiyva's grace]
  3353 | Ossuary  | Lost mutation: You are covered in slimy tendrils that may
                  | disarm your opponents. [Jiyva's grace]
  3353 | Ossuary  | Gained mutation: Your spells are a little harder to cast,
                  | but a little more powerful. [Jiyva's grace]
  3353 | Ossuary  | Gained mutation: Your spells are harder to cast, but more
                  | powerful. [Jiyva's grace]
  3353 | Ossuary  | Gained mutation: Your spells are much harder to cast, but
                  | much more powerful. [Jiyva's grace]
  3353 | Ossuary  | Gained mutation: Your rubbery body absorbs attacks. (AC +1,
                  | EV +1) [Jiyva's grace]
  3363 | Ossuary  | Reached XP level 8. HP: 64/64 MP: 8/8
  3588 | D:6      | Found a bloodstained altar of Trog.
  3637 | D:6      | Noticed Sigmund
  3644 | D:6      | Noticed Edmund
  3646 | D:6      | Killed Sigmund
  3647 | D:6      | Reached skill level 9 in Axes
  3650 | D:6      | Killed Edmund
  3757 | D:6      | Reached skill level 10 in Axes
  4145 | D:7      | Reached XP level 9. HP: 70/71 MP: 9/9
  4146 | D:7      | Found a large runed translucent door.
  4154 | D:7      | Found a large runed translucent door.
  4154 | D:7      | Found a large runed translucent door.
  4165 | D:7      | Reached skill level 11 in Axes
  4173 | D:7      | Noticed a cyclops
  4179 | D:7      | Found a large runed translucent door.
  4184 | D:7      | Killed a cyclops
  4656 | D:7      | Reached skill level 12 in Axes
  4764 | D:7      | Reached XP level 10. HP: 77/78 MP: 10/10
  4807 | D:8      | Paralysed by a hornet for 1 turns
  4954 | D:8      | Found a white marble altar of Elyvilon.
  5345 | D:9      | Gained mutation: You have acidic saliva. [Jiyva's grace]
  5345 | D:9      | Gained mutation: You are covered in slimy tendrils that may
                  | disarm your opponents. [Jiyva's grace]
  5345 | D:9      | Gained mutation: Your pliable body absorbs attacks. (AC +2,
                  | EV +2) [Jiyva's grace]
  5345 | D:9      | Gained mutation: Your gelatinous body deflects attacks. (AC
                  | +3, EV +3) [Jiyva's grace]
  5420 | D:9      | Identified the +1 leather armour of Qot Fon {Str+3}
  5455 | D:9      | Reached skill level 1 in Armour
  5455 | D:9      | Reached skill level 1 in Shields
  5527 | D:9      | Reached skill level 13 in Axes
  5573 | D:9      | Found Bahorih's Assorted Antiques.
  5663 | D:9      | Found Duroigau's Fire Supplies.
  5750 | D:9      | Found a radiant altar of Vehumet.
  5848 | D:9      | Noticed a two-headed ogre
  5878 | D:9      | Killed a two-headed ogre
  5940 | D:10     | Entered Level 10 of the Dungeon
  6040 | D:10     | Found an ancient bone altar of Kikubaaqudgha.
  6245 | D:10     | Found a staircase to the Lair.
  6346 | D:10     | Noticed a boulder beetle
  6426 | D:10     | Killed a boulder beetle
  6427 | D:10     | Reached XP level 11. HP: 88/88 MP: 11/11
  6567 | Lair:1   | Entered Level 1 of the Lair of Beasts
  6616 | Lair:1   | Lost mutation: Your gelatinous body deflects attacks. (AC
                  | +3, EV +3) [Jiyva's grace]
  6616 | Lair:1   | Lost mutation: Your pliable body absorbs attacks. (AC +2,
                  | EV +2) [Jiyva's grace]
  6616 | Lair:1   | Lost mutation: You are covered in slimy tendrils that may
                  | disarm your opponents. [Jiyva's grace]
  6616 | Lair:1   | Gained mutation: You have a small jelly attached to you
                  | that may absorb projectiles. [Jiyva's grace]
  6616 | Lair:1   | Gained mutation: Your melee attacks may engulf your foes in
                  | ooze. [Jiyva's grace]
  6616 | Lair:1   | Gained mutation: Armour fits poorly on your pseudopods.
                  | [Jiyva's grace]
  6616 | Lair:1   | Gained mutation: Armour fits poorly on your large
                  | pseudopods. [Jiyva's grace]
  6712 | Lair:1   | Reached skill level 1 in Evocations
  6986 | Lair:1   | Reached skill level 5 in Armour
  7627 | Lair:2   | Reached skill level 14 in Axes
  7668 | Lair:2   | Reached skill level 5 in Shields
  8066 | Lair:2   | Reached ****** piety under Jiyva
  8155 | Lair:3   | Noticed a boulder beetle
  8155 | Lair:3   | Found a staircase to the Shoals.
  8196 | Lair:3   | Lost mutation: You are mostly covered in iridescent scales.
                  | (AC +4) [Jiyva's grace]
  8196 | Lair:3   | Lost mutation: Your spells are much harder to cast, but
                  | much more powerful. [Jiyva's grace]
  8196 | Lair:3   | Lost mutation: You have a small jelly attached to you that
                  | may absorb projectiles. [Jiyva's grace]
  8196 | Lair:3   | Gained mutation: Your muscles are strong. (Str +4, Int/Dex
                  | -1) [Jiyva's grace]
  8196 | Lair:3   | Gained mutation: Your muscles are very strong. (Str +8,
                  | Int/Dex -2) [Jiyva's grace]
  8196 | Lair:3   | Gained mutation: Your translucent skin slightly reduces
                  | your foes' accuracy. (Stealth+) [Jiyva's grace]
  8196 | Lair:3   | Gained mutation: Your translucent skin reduces your foes'
                  | accuracy. (Stealth+) [Jiyva's grace]
  8196 | Lair:3   | Noticed a death yak
  8199 | Lair:3   | Noticed a death yak
  8199 | Lair:3   | Noticed a death yak
  8209 | Lair:3   | Noticed a death yak
  8211 | Lair:3   | Killed a death yak
  8213 | Lair:3   | Noticed a death yak
  8218 | Lair:3   | Killed a death yak
  8218 | Lair:3   | Killed a death yak
  8219 | Lair:3   | Reached skill level 5 in Fighting
  8226 | Lair:3   | Noticed a catoblepas
  8291 | Lair:3   | Found a hole to the Spider Nest.
  8299 | Lair:3   | Reached XP level 12. HP: 71/100 MP: 12/12
  8323 | Lair:3   | Killed a boulder beetle
  8408 | Lair:3   | Identified the +0 spear "Lewn" {freeze, Dex+4}
  8444 | Lair:3   | Noticed a death yak
  8444 | Lair:3   | Noticed a death yak
  8444 | Lair:3   | Noticed a death yak
  8444 | Lair:3   | Noticed a death yak
  8446 | Lair:3   | Noticed a death yak
  8455 | Lair:3   | Killed a death yak
  8459 | Lair:3   | Killed a death yak
  8464 | Lair:3   | Killed a death yak
  8724 | Lair:3   | Killed a catoblepas
  8838 | Lair:3   | Found a runed translucent door.
  8841 | Lair:3   | Noticed Quickbrownfox's ghost (journeyman DsCj)
  8904 | Lair:3   | Killed a death yak
  8910 | Lair:3   | Killed a death yak
  8913 | Lair:3   | Killed a death yak
  8914 | Lair:3   | Reached skill level 5 in Evocations
  8916 | Lair:3   | Killed a death yak
  9189 | Lair:4   | Reached skill level 15 in Axes
  9323 | Lair:4   | Noticed a seven-headed hydra
  9340 | Lair:4   | Killed a five-headed hydra
  9543 | Lair:4   | Reached XP level 13. HP: 88/111 MP: 13/13
  9845 | Lair:4   | Lost mutation: Your muscles are very strong. (Str +8,
                  | Int/Dex -2) [Jiyva's grace]
  9845 | Lair:4   | Lost mutation: Your spells are harder to cast, but more
                  | powerful. [Jiyva's grace]
  9845 | Lair:4   | Lost mutation: You have acidic saliva. [Jiyva's grace]
  9845 | Lair:4   | Lost mutation: Armour fits poorly on your large pseudopods.
                  | [Jiyva's grace]
  9845 | Lair:4   | Gained mutation: You are agile. (Dex +4, Str/Int -1)
                  | [Jiyva's grace]
  9845 | Lair:4   | Gained mutation: You are very agile. (Dex +8, Str/Int -2)
                  | [Jiyva's grace]
  9845 | Lair:4   | Gained mutation: You possess an exceptional clarity of
                  | mind. [Jiyva's grace]
  9845 | Lair:4   | Gained mutation: Your spells are harder to cast, but more
                  | powerful. [Jiyva's grace]
 10101 | Lair:5   | Entered Level 5 of the Lair of Beasts
 10103 | Lair:5   | Paralysed by a hornet for 3 turns
 10465 | Lair:5   | Identified the +7 morningstar "Xylaff" {flame, rF+ Will+
                  | Str+3 Dex-2}
 10569 | Lair:5   | Reached skill level 16 in Axes
 10569 | Lair:5   | Reached skill level 10 in Armour
 10783 | Lair:5   | Lost mutation: You are partially covered in iridescent
                  | scales. (AC +2) [Jiyva's grace]
 10783 | Lair:5   | Lost mutation: You are very agile. (Dex +8, Str/Int -2)
                  | [Jiyva's grace]
 10783 | Lair:5   | Lost mutation: You possess an exceptional clarity of mind.
                  | [Jiyva's grace]
 10783 | Lair:5   | Lost mutation: Your muscles are strong. (Str +4, Int/Dex
                  | -1) [Jiyva's grace]
 10783 | Lair:5   | Lost mutation: Your translucent skin reduces your foes'
                  | accuracy. (Stealth+) [Jiyva's grace]
 10783 | Lair:5   | Lost mutation: Your melee attacks may engulf your foes in
                  | ooze. [Jiyva's grace]
 10783 | Lair:5   | Gained mutation: Your muscles are strong. (Str +4, Int/Dex
                  | -1) [Jiyva's grace]
 10783 | Lair:5   | Gained mutation: Your muscles are very strong. (Str +8,
                  | Int/Dex -2) [Jiyva's grace]
 10783 | Lair:5   | Gained mutation: Your translucent skin reduces your foes'
                  | accuracy. (Stealth+) [Jiyva's grace]
 10783 | Lair:5   | Gained mutation: Your transparent skin significantly
                  | reduces your foes' accuracy. (Stealth+) [Jiyva's grace]
 10868 | Lair:5   | Identified the +5 scimitar "Riwegu" {drain, Fragile rElec
                  | rCorr}
 10872 | Lair:5   | Identified the staff of earth "Iciok" {MP+9 Str+2}
 10910 | Lair:5   | Noticed a dire elephant
 10928 | Lair:5   | Killed a dire elephant
 10972 | Lair:5   | Found a viscous altar of Jiyva.
 10973 | Lair:5   | Found a staircase to the Slime Pits.
 11091 | Lair:5   | Reached XP level 14. HP: 115/123 MP: 14/14
 11389 | D:3      | Bought a manual of Evocations for 800 gold pieces
 11564 | D:11     | Found a staircase to the Orcish Mines.
 11606 | D:11     | You fall into a shaft and drop 3 floors!
 11727 | D:14     | Found Puottiw's Antique Weapon Emporium.
 11882 | D:14     | Found Nugir's Book Emporium.
 11884 | D:14     | Found Byrion's Distillery.
 12067 | D:12     | Found a runed translucent gate.
 12068 | D:12     | Noticed a frost giant
 12069 | D:12     | Found a runed translucent gate.
 12069 | D:12     | Noticed raetorn's ghost (journeyman AtFi)
 12070 | D:12     | Found a runed translucent gate.
 12070 | D:12     | Noticed a stone giant
 12774 | D:11     | Found a blossoming altar of Fedhas.
 12785 | D:11     | Lost mutation: Your muscles are very strong. (Str +8,
                  | Int/Dex -2) [Jiyva's grace]
 12785 | D:11     | Lost mutation: Your muscles are strong. (Str +4, Int/Dex
                  | -1) [Jiyva's grace]
 12785 | D:11     | Lost mutation: Your rubbery body absorbs attacks. (AC +1,
                  | EV +1) [Jiyva's grace]
 12785 | D:11     | Lost mutation: Your transparent skin significantly reduces
                  | your foes' accuracy. (Stealth+) [Jiyva's grace]
 12785 | D:11     | Gained mutation: You have sharp fingernails. [Jiyva's
                  | grace]
 12785 | D:11     | Gained mutation: You have very sharp fingernails. [Jiyva's
                  | grace]
 12785 | D:11     | Gained mutation: You have claws for hands. [Jiyva's grace]
 12785 | D:11     | Gained mutation: Armour fits poorly on your large
                  | pseudopods. [Jiyva's grace]
 13084 | Orc:1    | Entered Level 1 of the Orcish Mines
 13280 | Orc:1    | Reached skill level 10 in Shields
 13431 | Orc:2    | Entered Level 2 of the Orcish Mines
 13431 | Orc:2    | Found Ovish's Distillery.
 13477 | Orc:2    | Noticed Maurice
 13478 | Orc:2    | Noticed Nessos
 13484 | Orc:2    | Killed Maurice
 13489 | Orc:2    | Killed Nessos
 13661 | Orc:2    | Found a staircase to the Elven Halls.
 13668 | Orc:2    | Noticed Urug
 13681 | Orc:2    | Killed Urug
 13741 | Orc:2    | Noticed an orc warlord
 13771 | Orc:2    | Killed an orc warlord
 13990 | Orc:2    | Found Alih's General Store.
 13991 | Orc:2    | Found Muri's Book Emporium.
 13993 | Orc:2    | Found Teadweg's Antique Armour Emporium.
 13993 | Orc:2    | Found Erisug's Antique Weapon Shoppe.
 14212 | Orc:2    | Noticed Erolcha
 14219 | Orc:2    | Killed Erolcha
 14362 | D:12     | Noticed Snorg
 14376 | D:12     | Killed Snorg
 14576 | D:12     | Noticed Josephine
 14589 | D:12     | Reached skill level 17 in Axes
 14598 | D:12     | Killed Josephine
 15002 | D:13     | Reached XP level 15. HP: 132/133 MP: 15/15
 15373 | D:13     | Paralysed by an ogre mage for 2 turns
 15374 | D:13     | Slain by a sixfirhy

Illustrated notes

Levels and vault maps discovered:
D:1:      roderic_chinese_lattice_arrival, layout_rooms, basic_ecumenical_altar
D:2:      layout_rooms, kennysheep_generic_room_5
D:3:      layout_basic, grunt_temple_overflow_opulence, nicolae_shop_vocational
D:4:      layout_loops_ring, minmay_temple_entry_antechambers, serial_shops,
          shop, kennysheep_dice
D:5:      layout_basic, grunt_ministairs_6, uniq_eustachio, uniq_menkaure
D:6:      wander_river, layout_loops_ring, nicolae_overflow_crystal_walls,
          enter_ossuary_3, grunt_decor_mini_mirrors, uniq_edmund, uniq_sigmund
D:7:      layout_cave_pools, minmay_hollow_rounded_squares
D:8:      layout_basic, elyvilon_altar_3
D:9:      layout_long_grid, vehumet_altar_wand_db, serial_shops, shop,
          minmay_misc_feat_rows, chequers_serial_rivers_small_a,
          nicolae_shop_fire_sale [nicolae_sub_dead_trees]
D:10:     layout_basic, kiku_gazebo_pond_becter, dpeg_oklobed_lair,
          dreamdust_wishing_well
D:11:     layout_basic, zombieorc1_lemuel, tgw_fedhas
D:12:     layout_roguey, gammafunk_ghost_split, uniq_snorg, uniq_josephine
D:13:     layout_rooms, grunt_vaults_entry_fortified
D:14:     layout_loops_corners, hangedman_abyss_or_decor_stabs, minivault_20,
          nicolae_shop_distant_corner_stores
Lair:1:   layout_cellular_growth
Lair:2:   layout_regular_city, nicolae_lair_lil_pond, evilmike_ambush
          [evilmike_ambush_outer_basic, evilmike_ambush_inner_pond]
Lair:3:   layout_chaotic_city, minmay_shoals_entry_centaurs,
          hellmonk_spider_entry_not_the_bees, gammafunk_ghost_grave,
          nicolae_quartered_pool_impasse
Lair:4:   wad_woods_minihive, layout_small_grid, roderic_batcave,
          chequers_serial_rivers_micro_a, dreamdust_gnoll_shepherd
Lair:5:   gammafunk_lair_ancient_temple, layout_regular_city,
          dpeg_slime_entry_enclosed, cheibrodos_lair_lostbears
Orc:1:    layout_caves
Orc:2:    st_orc_congregation, layout_diamond_mine, serial_shops, shop,
          uniq_nessos, uniq_maurice, uniq_urug, uniq_erolcha

Skill      XL: |  1  2  3  4  5  6  7  8  9 10 11 12 13 14 15 |
---------------+----------------------------------------------+-----
Axes           | 3 4 5 6 8 10 12 13 14 15 16 17 | 17.2
Fighting       | 3 5 6 8 9 |  9.5
Armour         | 4 6 8 10 11 12 | 12.0
Shields        | 3 5 7 9 10 | 10.8
Evocations     | 3 5 |  5.1
Throwing       | |  1.7
Dodging        | |  2.5

Action                     |  1- 3 |  4- 6 |  7- 9 | 10-12 | 13-15 || total
---------------------------+-------+-------+-------+-------+-------++-------
  Melee: War axe           |    65 |    96 |   207 |   428 |     3 ||   799
         Tailslap          |     2 |     9 |    30 |    65 |   172 ||   278
         Punch             |       |       |     2 |       |       ||     2
         Bite              |       |       |       |    53 |     4 ||    57
         Pseudopods        |       |       |       |    61 |   193 ||   254
         Broad axe         |       |       |       |     5 |   759 ||   764
  Throw: Javelin           |       |       |       |     1 |       ||     1
 Invoke: Oozemancy         |       |     1 |     2 |    12 |    10 ||    25
  Evoke: Wand              |       |       |       |       |     4 ||     4
         Phantom mirror    |       |       |       |       |     1 ||     1
    Use: Potion            |       |     1 |     2 |     3 |     4 ||    10
         Scroll            |       |       |     5 |    12 |     9 ||    26
   Stab: Sleeping          |       |       |     1 |     4 |     8 ||    13
         Petrified         |       |       |       |     1 |       ||     1
         Distracted        |       |       |       |       |     1 ||     1
 Armour: Leather armour    |    32 |    50 |    37 |       |       ||   119
         Steam dragon scal |       |       |    44 |    36 |       ||    80
         Acid dragon scale |       |       |       |   122 |   221 ||   343
  Dodge: Dodged            |    33 |    37 |   108 |   229 |   226 ||   633
  Block: Kite shield       |       |       |       |   202 |   432 ||   634
